 Dungeon Crawl Stone Soup version 0.28-a0-1524-ge72afd5fc6 (webtiles) character file.

Game seed: 4283591802635341466

981 frimble the Cutter (level 7, -1/50 HPs)
             Began as a Demonspawn Warper on Jan 18, 2022.
             Slain by an ogre (10 damage)
             ... on level 6 of the Dungeon.
             The game lasted 00:07:01 (6819 turns).

frimble the Cutter (Demonspawn Warper)              Turns: 6819, Time: 00:07:01

Health: -1/50      AC:  7    Str: 12    XL:     7   Next: 96%
Magic:  8/10       EV: 16    Int: 16    God:
Gold:   101        SH:  0    Dex: 12    Spells: 8/10 levels left

rFire   . . .      SeeInvis .   i - +3 dagger
rCold   . . .      Faith    .   (no shield)
rNeg    + . .      Spirit   .   b - +0 leather armour
rPois   .          Reflect  .   (helmet restricted)
rElec   +          Harm     .   (no cloak)
rCorr   .          Rampage  .   (no gloves)
Will    .....                   (no boots)
Stlth   ++........              o - amulet of magic regeneration
HPRegen 0.16/turn               h - ring of positive energy
MPRegen 0.52/turn               m - +4 ring of evasion

@: very slightly contaminated
A: antennae 1, thin metallic scales 3, ignite blood 1
a: no special abilities


You were on level 6 of the Dungeon.
You visited 1 branch of the dungeon, and saw 6 of its levels.

You collected 139 gold pieces.
You spent 38 gold pieces at shops.

Inventory:

Hand Weapons
 a - a +0 short sword
 i - a +3 dagger (weapon)
Armour
 b - a +0 leather armour (worn)
Jewellery
 h - a ring of positive energy (left hand)
 m - a +4 ring of evasion (right hand)
 o - an amulet of magic regeneration (around neck)
Wands
 p - a wand of charming (8)
Scrolls
 c - 2 scrolls of blinking
 e - 2 scrolls of fear
 f - a scroll of amnesia
 k - 2 scrolls of vulnerability
 l - a scroll of identify
 n - a scroll of silence {unknown}
 q - a scroll of enchant weapon {unknown}
Potions
 g - 2 potions of invisibility {unknown}
 j - 2 potions of mutation {unknown}
 r - a potion of heal wounds {unknown}
 s - a potion of berserk rage {unknown}
 t - a potion of curing {unknown}
 u - a potion of might {unknown}


   Skills:
 - Level 2.0 Fighting
 - Level 7.0 Short Blades
 - Level 0.8 Throwing
 - Level 0.8 Armour
 - Level 3.0 Dodging
 - Level 3.0 Stealth
 - Level 2.0 Spellcasting
 - Level 2.6 Translocations
 + Level 2.9 Evocations


You had 8 spell levels left.
You knew the following spells:

 Your Spells              Type           Power      Damage    Failure   Level
a - Blink                 Tloc           20%        N/A       13%         2

Your spell library contained the following spells:

 Spells                   Type           Power      Damage    Failure   Level
 Gell's Gravitas          Tloc           10%        N/A       26%         3
 Lesser Beckoning         Tloc           10%        N/A       26%         3
 Teleport Other           Tloc           10%        N/A       26%         3
 Corpse Rot               Necr/Air       2%         N/A       36%         2
 Tukima's Dance           Hex            1%         N/A       61%         3
 Passage of Golubria      Tloc           10%        N/A       65%         4
 Manifold Assault         Tloc           10%        N/A       94%         5
 Dispel Undead            Necr           1%         3d6       95%         4
 Yara's Violent Unravell  Hex/Tmut       0%         3d3       100%        5
 Death Channel            Necr           0%         N/A       100%        6


Dungeon Overview and Level Annotations

Branches:
Dungeon (6/15)             Temple (0/1) D:5

Altars:
Sif Muna
Wu Jian
The Shining One

Shops:
D:2 (   D:3 [*=[[

Annotations:
D:3 3 runed translucent doors, sirJeffrey23's ghost, amateur HOFi


Innate Abilities, Weirdness & Mutations

You have a pair of small antennae on your head.
You are completely covered in thin metallic scales. (AC +4, rElec)
Your demonic aura sometimes causes spilled blood to erupt in flames.


Message History

Aim: an ogre, wielding a +0 giant club (moderately wounded, 73% to hit)
You throw a boomerang of dispersal.
The boomerang of dispersal hits the ogre.
The ogre blinks!
Throw: 4 boomerangs (disperse)
Press: ? - help, Q - select action, (/) - cycle Shift-Dir - straight line, f/p - ogre
Aim: an ogre, wielding a +0 giant club (moderately wounded, 73% to hit)
You throw a boomerang of dispersal.
The boomerang of dispersal hits the ogre.
The ogre blinks!
Throw: 3 boomerangs (disperse)
Press: ? - help, Q - select action, (/) - cycle Shift-Dir - straight line, f/p - ogre
Aim: an ogre, wielding a +0 giant club (heavily wounded, 73% to hit)
You throw a boomerang of dispersal.
The boomerang of dispersal barely misses the ogre.
Throw: 2 boomerangs (disperse)
Press: ? - help, Q - select action, (/) - cycle Shift-Dir - straight line, f/p - ogre
Aim: an ogre, wielding a +0 giant club (heavily wounded, 73% to hit)
You throw a boomerang of dispersal.
The boomerang of dispersal hits the ogre.
The ogre blinks!
The ogre is severely wounded.
Throw: boomerang (disperse)
Press: ? - help, Q - select action, (/) - cycle Shift-Dir - straight line, f/p - ogre
Aim: an ogre, wielding a +0 giant club (severely wounded, 73% to hit)
You throw a boomerang of dispersal.
The boomerang of dispersal hits the ogre.
The ogre blinks!
An ogre is nearby!
The ogre hits you with a +0 giant club!!
* * * LOW HITPOINT WARNING * * *
You hit the ogre.
The ogre is almost dead.
Okay, then.
Casting: Blink (safe; 13% risk of failure)
Confirm with . or Enter, or press ? or * to list all spells.
You miscast Blink.
You are very lightly contaminated with residual magic.
Nothing appears to happen.
The ogre hits you with a +0 giant club!
You die...

#.# #.# #.# #..
#.# #.# #.#
#####.####
#@O......#
#.###.##.# # #.#
#.##ยง###...#
#.# #....O.....#
#.# ####....[...
#.# #........
#.######..>.....
#.<......###...#
########## ...#


You could see an ogre.

Vanquished Creatures
  A black bear (D:5)
  A scorpion (D:4)
  A wyvern zombie (D:5)
  A wyvern skeleton (D:5)
  A howler monkey (D:6)
  A centaur zombie (D:5)
  A bullfrog zombie (D:4)
  A centaur skeleton (D:4)
  A jelly (D:4)
  Jessica (D:2)
  A bullfrog skeleton (D:5)
  A scorpion zombie (D:5)
  2 orc wizards (D:4)
  Natasha (thrice) (D:2)
  2 iguanas
  A killer bee zombie (D:5)
  A hound skeleton (D:4)
  A howler monkey zombie (D:4)
  8 adders
  A shadow imp (D:5)
  A white imp (D:3)
  2 ufetubi
  3 worms
  5 dart slugs
  5 orcs (D:4)
  4 endoplasms
  3 giant cockroaches
  5 goblins
  6 hobgoblins
  2 jackals (D:1)
  3 quokkas
  4 ball pythons
  4 bats
  2 frilled lizards
  7 kobolds
  7 rats
94 creatures vanquished.

Vanquished Creatures (collateral kills)
  A bullfrog skeleton (D:5)
  A gnoll shaman (D:5)
  3 gnolls (D:5)
5 creatures vanquished.

Vanquished Creatures (others)
  A scorpion (D:6)
1 creature vanquished.

Grand Total: 100 creatures vanquished

Notes
Turn   | Place    | Note
-------+----------+-------------------------------------------
     0 | D:1      | frimble the Demonspawn Warper began the quest for the Orb.
     0 | D:1      | Reached XP level 1. HP: 16/16 MP: 3/3
    38 | D:1      | Reached skill level 2 in Short Blades
   368 | D:1      | Gained mutation: You have a pair of small antennae on your
                  | head. [demonic ancestry]
   368 | D:1      | Reached XP level 2. HP: 12/22 MP: 5/5
   913 | D:1      | Reached skill level 3 in Short Blades
   975 | D:1      | Found a faded altar of an unknown god.
  1208 | D:2      | Learned a level 2 spell: Blink
  1248 | D:2      | Gained mutation: You are partially covered in thin metallic
                  | scales. (AC +2) [demonic ancestry]
  1248 | D:2      | Reached XP level 3. HP: 18/27 MP: 6/6
  1420 | D:2      | Noticed Jessica
  1423 | D:2      | Killed Jessica
  1464 | D:2      | Found Afaqur's Weapon Shoppe.
  1466 | D:2      | Noticed Natasha
  1929 | D:2      | Reached skill level 4 in Short Blades
  1929 | D:2      | Gained mutation: You are mostly covered in thin metallic
                  | scales. (AC +3) [demonic ancestry]
  1929 | D:2      | Reached XP level 4. HP: 20/33 MP: 7/7
  2059 | D:2      | Killed Natasha
  2305 | D:2      | Noticed Natasha
  2324 | D:2      | Killed Natasha
  2337 | D:2      | Gained mutation: You are completely covered in thin
                  | metallic scales. (AC +4, rElec) [demonic ancestry]
  2337 | D:2      | Reached XP level 5. HP: 16/38 MP: 6/8
  2679 | D:2      | Noticed Natasha
  2693 | D:2      | Killed Natasha
  2694 | D:2      | Reached skill level 5 in Short Blades
  3005 | D:3      | Found Atiusaum's Armour Emporium.
  3051 | D:3      | Found Loponlo's Assorted Antiques.
  3066 | D:3      | Bought a scroll labelled ITOUBL WUMI for 19 gold pieces
  3066 | D:3      | Bought a scroll labelled LUASKA KICWIEZER for 19 gold
                  | pieces
  3119 | D:3      | Found a runed translucent gate.
  3120 | D:3      | Found a runed translucent gate.
  3121 | D:3      | Found a runed translucent gate.
  3342 | D:3      | Found Koakholu's Antique Armour Emporium.
  3366 | D:3      | Noticed sirJeffrey23's ghost (amateur HOFi)
  3502 | D:3      | Found Cemmuapreu's Jewellery Shop.
  3650 | D:3      | Found Duq Kiarexe's Antique Armour Shop.
  4115 | D:4      | Gained mutation: Your demonic aura sometimes causes spilled
                  | blood to erupt in flames. [demonic ancestry]
  4115 | D:4      | Reached XP level 6. HP: 19/44 MP: 9/9
  4374 | D:4      | Reached skill level 6 in Short Blades
  4535 | D:4      | Found an ornate altar of the Wu Jian Council.
  5214 | D:5      | Entered Level 5 of the Dungeon
  5242 | D:5      | Reached skill level 7 in Short Blades
  5301 | D:5      | Reached XP level 7. HP: 40/50 MP: 10/10
  5875 | D:5      | Reached skill level 1 in Stealth
  6243 | D:5      | Found a staircase to the Ecumenical Temple.
  6396 | D:5      | Reached skill level 1 in Evocations
  6396 | D:5      | Noticed a steam dragon
  6441 | D:5      | Found a shimmering blue altar of Sif Muna.
  6712 | D:6      | Noticed a steam dragon
  6819 | D:6      | Slain by an ogre

Illustrated notes

Levels and vault maps discovered:
D:1:      amcnicky_arrival_gap_in_the_tavern_cellar, layout_rooms,
          shapermc_ecumenical_altar_acropolis
D:2:      layout_rooms, serial_shops, nicolae_shop_bloodbath_and_beyond,
          uniq_jessica, uniq_natasha
D:3:      layout_loops_corners, gammafunk_ghost_icy, serial_shops, shop, shop,
          shop_statue, shop, shop
D:4:      layout_rooms, gammafunk_temple_overflow_statue,
          minmay_strange_pillars, kennysheep_nondescript,
          minmay_misc_feat_enclosed
D:5:      layout_gridville, nicolae_sif_muna_little_library,
          minmay_temple_entry_statues_fountains
D:6:      layout_loops_corners, trog_butcher_becter,
          grunt_dithmenos_smoke_and_mirrors, serial_shops, shop_statue

Skill      XL: |  1  2  3  4  5  6  7 |
---------------+----------------------+-----
Short Blades   | 2 3 4 5 7 |  7.0
Dodging        | 3 |  3.0
Stealth        | 3 |  3.0
Evocations     | 2 |  2.9
Fighting       | |  2.0
Throwing       | |  0.8
Armour         | |  0.8
Spellcasting   | |  2.0
Translocations | |  2.6

Action                   |  1- 3 |  4- 6 |  7- 9 || total
-------------------------+-------+-------+-------++-------
Melee: Short sword       |    91 |       |       ||    91
       Dagger            |    36 |   294 |   142 ||   472
       Punch             |     1 |     2 |     5 ||     8
Throw: Boomerang         |       |       |     5 ||     5
 Cast: Blink             |       |     2 |     2 ||     4
Evoke: Wand              |       |       |     2 ||     2
  Use: Scroll            |     4 |     3 |     1 ||     8
       Potion            |     1 |     1 |       ||     2
Armor: Leather armour    |    42 |    86 |    59 ||   187
Dodge: Dodged            |    79 |   134 |    75 ||   288

Table legend: (Time is in decaauts)
 A = Elapsed time spent in this place.
 B = Non-inter-level travel time spent in this place.
 C = Inter-level travel time spent in this place.
 D = Time resting spent in this place.
 E = Time spent auto-exploring this place.
 F = Levels seen in this place.
 G = Mean time per level.
                   A        B        C        D        E       F      G
               +--------+--------+--------+--------+--------+-----+--------+
         Total |   6690 |   6563 |    127 |    757 |   4822 |   6 | 1115.0 |
       Dungeon |   6690 |   6563 |    127 |    757 |   4822 |   6 | 1115.0 |
               +--------+--------+--------+--------+--------+-----+--------+

Top non-repeatable levels by time:
     D:1: 1700 daAuts
     D:5: 1459 daAuts
     D:2: 1252 daAuts
     D:4: 1196 daAuts
     D:3: 992 daAuts
     D:6: 89 daAuts
